[Event "Titled Tuesday Blitz May 2 Early 2023"]
[White "Nasir, Zehn"]
[Black "Manukyan, Artyom"]
[WhiteFideId "2613239"]
[BlackFideId "13305786"]
[WhiteElo "1993"]
[BlackElo "2078"]
[Result "0-1"]
[Round "06"]
[TimeControl "180+2"]
[Date "2023.05.02"]
[WhiteClock "0:00:06"]
[BlackClock "0:00:10"]

1. d4 d5 2. Bf4 Nf6 3. e3 c5 4. c3 Nc6 5. Nd2 cxd4 6. exd4 Bg4 7. Qb3 Qd7 8. Ngf3 e6 9. Ne5 Qc8 10. Bb5 Be7 11. Qa4 O-O 12. Nxc6 bxc6 13. Bxc6 Rb8 14. Bxb8 Qxb8 15. Bb5 Bd6 16. h3 Bh5 17. Qb3 Bg6 18. Nf3 Qc7 19. Nh4 Rb8 20. Nxg6 hxg6 21. Qa4 Qb6 22. Bd3 Qxb2 23. O-O Qxc3 24. Rfd1 Rb4 25. Qxa7 Rxd4 26. Bf1 Rxd1 27. Rxd1 Qe5 28. g3 Ne4 29. Bg2 Bc5 30. Qa8+ Kh7 31. Bxe4 Qxe4 32. Qa6 Qc2 33. Rf1 Qc3 34. Kg2 Qc2 35. a4 Qe4+ 36. Kg1 Qf3 37. Kh2 Bxf2 38. Rxf2 Qxf2+ 39. Kh1 Qxg3 40. Qb5 Qxh3+ 41. Kg1 Qe3+ 42. Kg2 d4 43. a5 d3 44. Qb3 Qe2+ 45. Kg3 d2 0-1


[Site "https://www.chess.com"]

[Event "Titled Tuesday Blitz May 2 Early 2023"]
[White "Munoz, Francisco Javier"]
[Black "Omelja, Artem"]
[WhiteFideId "128368"]
[BlackFideId "14119846"]
[WhiteElo "2383"]
[BlackElo "2404"]
[Result "0-1"]
[Round "06"]
[TimeControl "180+2"]
[Date "2023.05.02"]
[WhiteClock "0:00:03"]
[BlackClock "0:00:02"]

1. e4 c5 2. Nc3 g6 3. f4 Bg7 4. Nf3 e6 5. d4 cxd4 6. Nxd4 Ne7 7. Be3 O-O 8. Qf3 Nbc6 9. O-O-O d5 10. e5 Bd7 11. h4 f6 12. exf6 Rxf6 13. h5 e5 14. Nxd5 exd4 15. Nxf6+ Bxf6 16. Bc4+ Kg7 17. Bd2 Rc8 18. g4 Nb4 19. Bb3 Bc6 20. Qh3 Bxh1 21. Rxh1 Kf8 22. hxg6 hxg6 23. Kb1 Nbd5 24. f5 g5 25. Qh5 Qe8 26. Qh6+ Bg7 27. Qxg5 Qf7 28. Bb4 Rd8 29. Re1 Qf6 30. Qh5 Nxb4 31. Re6 Qf7 32. Rg6 Nbd5 33. Qh7 Nxg6 34. a3 Ne5 35. g5 d3 0-1


[Site "https://www.chess.com"]

[Event "Titled Tuesday Blitz May 2 Early 2023"]
[White "Borgaonkar Akshay"]
[Black "Bychkov, Vladimir"]
[WhiteFideId "25639110"]
[BlackFideId "24151513"]
[WhiteElo "2063"]
[BlackElo "2224"]
[Result "0-1"]
[Round "06"]
[TimeControl "180+2"]
[Date "2023.05.02"]
[WhiteClock "0:00:02"]
[BlackClock "0:00:09"]

1. d4 Nf6 2. Nc3 d5 3. Bf4 e6 4. e3 Bb4 5. Bd3 c5 6. a3 Bxc3+ 7. bxc3 Qa5 8. Qd2 c4 9. Bf1 Ne4 10. Qc1 Qxc3+ 11. Ke2 Nc6 12. f3 g5 13. Bc7 Nf6 14. Bg3 e5 15. Be1 Nxd4+ 16. exd4 Qxd4 17. Bf2 Qf4 18. Be3 Qf5 19. Bxg5 Rg8 20. Bxf6 Qxf6 21. Kf2 Bf5 22. Ne2 O-O-O 23. Rb1 d4 24. Ng3 Bg6 25. Qb2 Qc6 26. Bxc4 e4 27. fxe4 Bxe4 28. Bd3 Bxg2 29. Rhe1 Qf3+ 30. Kg1 Rxg3 31. hxg3 Qxg3 32. Re2 Bc6+ 33. Kf1 Rd6 34. Rf2 Qh3+ 35. Ke1 Re6+ 36. Kd1 Bf3+ 37. Be2 Bxe2+ 38. Kd2 Qh6+ 39. Ke1 Qh1+ 40. Kd2 Qh6+ 41. Ke1 Bg4+ 42. Kf1 Qh1# 0-1


[Site "https://www.chess.com"]

[Event "Titled Tuesday Blitz May 2 Early 2023"]
[White "Simonian, Hrair"]
[Black "Srinath, Rao S.V."]
[WhiteFideId "13302337"]
[BlackFideId "5028876"]
[WhiteElo "2447"]
[BlackElo "2196"]
[Result "1-0"]
[Round "06"]
[TimeControl "180+2"]
[Date "2023.05.02"]
[WhiteClock "0:00:36"]
[BlackClock "0:00:02"]

1. e4 e6 2. d4 d5 3. e5 c5 4. c3 Bd7 5. Nf3 Qb6 6. Na3 cxd4 7. cxd4 Nc6 8. Nc2 Nh6 9. Bd3 Nf5 10. O-O a5 11. Be3 Nb4 12. Nxb4 axb4 13. Qe2 Be7 14. a3 bxa3 15. bxa3 Rxa3 16. Rxa3 Bxa3 17. Rb1 Qc7 18. Qa2 Nxe3 19. Qxa3 Nc4 20. Bxc4 dxc4 21. Ng5 f6 22. Ne4 Bc6 23. Nd6+ Kd7 24. Nxc4 b5 25. Nd6 Ra8 26. Qc5 Ra5 27. Rc1 fxe5 28. dxe5 b4 29. Qd4 Rd5 30. Qf4 Qd8 31. h3 Ba8 32. Qf7+ Qe7 33. Rc7+ Kxc7 34. Qxe7+ 1-0


[Site "https://www.chess.com"]

[Event "Titled Tuesday Blitz May 2 Early 2023"]
[White "Korchmar, Vasiliy"]
[Black "Reefat, Bin-Sattar"]
[WhiteFideId "24131750"]
[BlackFideId "10200207"]
[WhiteElo "2370"]
[BlackElo "2462"]
[Result "1-0"]
[Round "06"]
[TimeControl "180+2"]
[Date "2023.05.02"]
[WhiteClock "0:00:13"]
[BlackClock "0:00:01"]

1. e4 e6 2. d4 d5 3. e5 c5 4. c3 Nc6 5. Nf3 Bd7 6. Be2 Nge7 7. Na3 cxd4 8. cxd4 Nf5 9. Nc2 a5 10. O-O h5 11. Bd3 Be7 12. g3 g5 13. Bxf5 exf5 14. Ne3 Be6 15. Qd3 Qd7 16. Ng2 Rg8 17. h4 f4 18. Nxg5 Bxg5 19. hxg5 Bf5 20. Qc3 f3 21. Nh4 Be4 22. Kh2 Qg4 23. Qc5 Rd8 24. Bf4 Ne7 25. Qb5+ Rd7 26. Rfc1 Rxg5 27. Bxg5 Qxg5 28. Rc7 Bf5 29. Nxf5 Qxf5 30. Qxd7+ Qxd7 31. Rxd7 Kxd7 32. Rd1 Nc6 33. Rd3 Ke6 34. Kh3 b5 35. Kh4 b4 36. Kxh5 a4 37. g4 1-0


[Site "https://www.chess.com"]

[Event "Titled Tuesday Blitz May 2 Early 2023"]
[White "Vaibhav Jayant Raut"]
[Black "Yeritsyan, Hayk"]
[WhiteFideId "5089034"]
[BlackFideId "13307320"]
[WhiteElo "2156"]
[BlackElo "2241"]
[Result "1-0"]
[Round "06"]
[TimeControl "180+2"]
[Date "2023.05.02"]
[WhiteClock "0:00:04"]
[BlackClock "0:00:04"]

1. d4 f5 2. g3 Nf6 3. Bg2 g6 4. c4 Bg7 5. Nc3 O-O 6. Nf3 d6 7. O-O c6 8. b3 a5 9. Bb2 Qe8 10. Na4 Nbd7 11. Nd2 e5 12. dxe5 dxe5 13. c5 Nd5 14. Nc4 Qe6 15. e4 N5f6 16. exf5 gxf5 17. Nab6 Nxb6 18. Nxb6 Rb8 19. Qd2 Nd7 20. Qxa5 Nxb6 21. cxb6 Bd7 22. Rad1 Be8 23. Qc5 Bh5 24. Rd6 Qe7 25. Rxc6 Rfe8 26. Qxe7 Rxe7 27. Rc7 Rxc7 28. bxc7 Rc8 29. Rc1 e4 30. Bxg7 Kxg7 31. h3 Kf6 32. g4 Bg6 33. f3 fxg4 34. fxg4 Ke5 35. Rc4 Kd5 36. h4 b5 37. Rc1 Kd4 38. h5 Bf7 39. Rd1+ Ke5 40. Rc1 Kf4 41. Kf2 Be6 42. g5 Bg4 43. g6 hxg6 44. hxg6 e3+ 45. Ke1 Bf3 46. Bxf3 Kxf3 47. g7 b4 48. Rc6 Ke4 49. g8=Q Rxg8 50. c8=Q Rg1+ 51. Ke2 Rg2+ 52. Kf1 Rf2+ 53. Kg1 Rxa2 54. Qe6+ Kf3 55. Qh3+ Ke2 56. Qg2+ Ke1 57. Qxa2 e2 58. Rc1# 1-0


[Site "https://www.chess.com"]

[Event "Titled Tuesday Blitz May 2 Early 2023"]
[White "Golichenko, Ilija"]
[Black "Bochnicka, Vladimir"]
[WhiteFideId "14117223"]
[BlackFideId "14943450"]
[WhiteElo "2339"]
[BlackElo "2094"]
[Result "1-0"]
[Round "06"]
[TimeControl "180+2"]
[Date "2023.05.02"]
[WhiteClock "0:00:23"]
[BlackClock "0:00:16"]

1. d4 Nf6 2. c4 g6 3. Nc3 Bg7 4. e4 d6 5. Be2 O-O 6. Bg5 h6 7. Be3 e5 8. d5 Kh7 9. Qd2 c6 10. f3 a6 11. Bd3 b5 12. dxc6 bxc4 13. Bxc4 Nxc6 14. Nge2 Rb8 15. O-O Nh5 16. Rfd1 Na5 17. Bd5 f5 18. Rab1 f4 19. Bf2 Nf6 20. b4 Nb7 21. Bxb7 Rxb7 22. Qxd6 Rd7 23. Qc5 Rff7 24. Qxe5 Ng4 25. Qa5 Qxa5 26. bxa5 Nxf2 27. Kxf2 Rc7 28. Rdc1 Bb7 29. Nd5 Bxd5 30. exd5 Rcd7 31. Rd1 Rf5 32. Rb6 Rdxd5 33. Rxd5 Rxd5 34. Rxa6 Rd2 35. Ke1 Rxa2 36. Nxf4 Rxa5 37. Rxg6 Ra1+ 38. Ke2 Ra2+ 39. Kd3 Ra3+ 40. Kc2 Ra4 41. Rg4 Ra2+ 42. Kb3 Rd2 43. h4 Be5 44. Ng6 Rb2+ 45. Ka3 Bf6 46. h5 Rb5 47. Nf8+ Kh8 48. Rg6 Bg7 49. Ne6 Rb6 50. Ka4 Rc6 51. Kb5 Rd6 52. Kc5 Ra6 53. Nxg7 Rxg6 54. hxg6 Kxg7 55. Kd5 Kxg6 56. Ke5 Kg5 57. f4+ Kg4 58. f5 h5 59. f6 h4 60. f7 Kg3 61. f8=Q Kxg2 62. Qa8+ Kh2 63. Qf3 h3 64. Qg4 Kh1 65. Qxh3+ Kg1 66. Qf3 Kh2 67. Qg4 Kh1 68. Kd4 Kh2 69. Kc3 Kh1 70. Kb2 Kh2 71. Ka1 Kh1 72. Kb1 Kh2 73. Kc1 Kh1 74. Kd1 Kh2 75. Ke1 Kh1 76. Ke2 Kh2 77. Kf1 Kh1 78. Kf2 Kh2 79. Qh4# 1-0


[Site "https://www.chess.com"]

[Event "Titled Tuesday Blitz May 2 Early 2023"]
[White "Srebrnic, Marko"]
[Black "Lenaerts, Lennert"]
[WhiteFideId "14603616"]
[BlackFideId "211435"]
[WhiteElo "2341"]
[BlackElo "2334"]
[Result "0-1"]
[Round "06"]
[TimeControl "180+2"]
[Date "2023.05.02"]
[WhiteClock "0:00:01"]
[BlackClock "0:00:52"]

1. e4 e5 2. Nc3 Nf6 3. Bc4 Nc6 4. d3 Na5 5. Qf3 d6 6. h3 Be7 7. Nge2 c6 8. a3 Nxc4 9. dxc4 Be6 10. b3 O-O 11. Bb2 d5 12. cxd5 cxd5 13. exd5 Nxd5 14. O-O-O Bg5+ 15. Kb1 Nxc3+ 16. Qxc3 Qb6 17. Qxe5 Bf6 18. Qg3 Bxb2 19. Kxb2 Rac8 20. Nd4 Rfd8 21. Nxe6 Qxe6 22. Rxd8+ Rxd8 23. Qc3 Rc8 24. Qd4 b6 25. Rd1 h6 26. Rd2 Qf5 27. h4 h5 28. g3 g6 29. a4 Kh7 30. Rd3 Rc5 31. Rc3 Rd5 32. Qe3 Qf6 33. Kc1 a5 34. f4 b5 35. axb5 Rxb5 36. Rc8 Qa1+ 37. Kd2 Rd5+ 38. Qd3 Rxd3+ 39. Kxd3 Qe1 40. c4 Qxg3+ 0-1


[Site "https://www.chess.com"]

[Event "Titled Tuesday Blitz May 2 Early 2023"]
[White "Mendez Fortes, Eduardo Jesus"]
[Black "Dinu, Dumitru-Daniel"]
[WhiteFideId "3502376"]
[BlackFideId "1208403"]
[WhiteElo "2307"]
[BlackElo "2240"]
[Result "1-0"]
[Round "06"]
[TimeControl "180+2"]
[Date "2023.05.02"]
[WhiteClock "0:00:41"]
[BlackClock "0:00:06"]

1. e4 c6 2. d4 d5 3. Nc3 dxe4 4. Nxe4 Nf6 5. Nxf6+ exf6 6. c3 Bd6 7. Bd3 O-O 8. Qc2 Re8+ 9. Ne2 h5 10. O-O Nd7 11. Ng3 Bxg3 12. hxg3 Nf8 13. Qd1 Bg4 14. Qb3 Qd7 15. Be3 Be6 16. Qc2 Re7 17. Rad1 Rae8 18. Rd2 Qc8 19. c4 Rd8 20. Rfd1 Red7 21. f3 Rc7 22. Bf1 Rcd7 23. Qc3 Ng6 24. Bf2 Qc7 25. a4 Ne7 26. b4 Nf5 27. f4 Nd6 28. Qc2 Bg4 29. Be2 Bf5 30. Bd3 Bg4 31. Re1 Re7 32. Rxe7 Qxe7 33. d5 cxd5 34. cxd5 Rc8 35. Qb2 b6 36. Rc2 Rc7 37. Qc1 Rxc2 38. Qxc2 f5 39. a5 bxa5 40. bxa5 Ne4 41. Be1 Nc5 42. Bf2 Ne4 43. Qc8+ Kh7 44. a6 Nxf2 45. Kxf2 Qa3 46. Bxf5+ g6 47. Bxg4 hxg4 48. Qb7 Qa2+ 49. Kg1 Qa1+ 50. Kh2 Qf6 51. Qxa7 g5 52. Qc7 gxf4 53. a7 Qh6+ 54. Kg1 fxg3 55. Qxf7+ Qg7 56. Qxg7+ Kxg7 57. a8=Q Kh6 58. Qg8 Kh5 59. Kf1 Kh4 60. Ke2 Kh5 61. Ke3 Kh4 62. Ke4 Kh5 63. Kf5 Kh4 64. Qg5# 1-0


[Site "https://www.chess.com"]

[Event "Titled Tuesday Blitz May 2 Early 2023"]
[White "Girya, Olga"]
[Black "Rottenwohrer Suarez, Juan"]
[WhiteFideId "4195752"]
[BlackFideId "32068182"]
[WhiteElo "2263"]
[BlackElo "2174"]
[Result "1-0"]
[Round "06"]
[TimeControl "180+2"]
[Date "2023.05.02"]
[WhiteClock "0:00:51"]
[BlackClock "0:00:11"]

1. d4 Nf6 2. Nf3 g6 3. Bg5 Bg7 4. Nbd2 c5 5. e3 O-O 6. c3 cxd4 7. cxd4 d6 8. Be2 Bf5 9. O-O Nc6 10. a3 Rc8 11. Rc1 h6 12. Bh4 g5 13. Bg3 Nh5 14. Nxg5 Nxg3 15. fxg3 hxg5 16. Rxf5 e6 17. Rf1 d5 18. b4 a6 19. Nb3 Qe7 20. Nc5 Rc7 21. Qd2 Rfc8 22. Bh5 f5 23. Be2 Nb8 24. Nb3 1-0


[Site "https://www.chess.com"]

[Event "Titled Tuesday Blitz May 2 Early 2023"]
[White "Rom, Jasper"]
[Black "Ismagilov, Damir"]
[WhiteFideId "2023733"]
[BlackFideId "34199982"]
[WhiteElo "2233"]
[BlackElo "2078"]
[Result "1-0"]
[Round "06"]
[TimeControl "180+2"]
[Date "2023.05.02"]
[WhiteClock "0:01:02"]
[BlackClock "0:00:20"]

1. e4 e6 2. d4 d5 3. Bd3 dxe4 4. Bxe4 Nf6 5. Bf3 c5 6. Ne2 Nc6 7. Be3 cxd4 8. Nxd4 Ne5 9. O-O Nxf3+ 10. Qxf3 Be7 11. Rd1 Qd5 12. Nc3 Qxf3 13. Nxf3 Bd7 14. Ne5 a6 15. Bg5 Rd8 16. Rd3 h6 17. Bh4 Bc6 18. Rxd8+ Bxd8 19. Nxc6 bxc6 20. Rd1 Nd5 21. Bxd8 Kxd8 22. Ne4 Kc7 23. c4 Nf6 24. Nc5 a5 25. Kf1 Ra8 26. b3 Kb6 27. Na4+ Kc7 28. f3 Re8 29. Ke2 e5 30. Nc5 e4 31. f4 h5 32. h3 h4 33. Ke3 g6 34. Rd4 Kb6 35. Nxe4 Nxe4 36. Rxe4 Rxe4+ 37. Kxe4 Kc5 38. Ke5 Kb4 39. Kd6 Ka3 40. Kxc6 Kxa2 41. Kb5 Kxb3 42. c5 a4 43. c6 a3 44. c7 a2 45. c8=Q a1=Q 46. Qc4+ Kb2 47. Qd4+ Ka2 48. Qxa1+ Kxa1 49. Kc6 Kb2 50. Kd6 Kc3 51. Ke7 Kd4 52. Kxf7 Ke4 53. Kxg6 Kxf4 54. Kh5 Kg3 55. Kg5 Kxg2 56. Kxh4 Kf3 57. Kg5 1-0


[Site "https://www.chess.com"]

[Event "Titled Tuesday Blitz May 2 Early 2023"]
[White "Ezat, Mohamed"]
[Black "Nemec, Jachym"]
[WhiteFideId "10600906"]
[BlackFideId "23716525"]
[WhiteElo "2386"]
[BlackElo "2305"]
[Result "1/2-1/2"]
[Round "06"]
[TimeControl "180+2"]
[Date "2023.05.02"]
[WhiteClock "0:00:06"]
[BlackClock "0:01:22"]

1. d4 Nf6 2. c4 e6 3. Nc3 Bb4 4. f3 c5 5. d5 d6 6. Bd2 O-O 7. e4 Re8 8. a3 Ba5 9. Nge2 Nbd7 10. Ng3 exd5 11. cxd5 Ne5 12. Be2 Bd7 13. O-O c4 14. Kh1 b5 15. f4 Ng6 16. f5 Ne5 17. Bg5 Qc8 18. Bxf6 gxf6 19. Qd2 Kh8 20. Qh6 Bd8 21. Nh5 Rg8 22. Nxf6 Rg7 23. Nh5 Rg5 24. Qxd6 f6 25. Qf8+ Rg8 26. Qh6 Nf7 27. Qe3 Bb6 28. Qh3 Ng5 29. Qh4 Qf8 30. Nf4 Bc7 31. Ng6+ Rxg6 32. fxg6 Qg7 33. gxh7 Be5 34. Bg4 a6 35. Bxd7 Qxd7 36. Ne2 Ra7 37. Nf4 Qe8 38. Qg4 Rxh7 39. h3 Bxb2 40. Rad1 Be5 41. d6 c3 42. d7 Qd8 43. Ne6 Nxe6 44. Qxe6 Rg7 45. Qe8+ Rg8 46. Qh5+ Kg7 47. Rf5 c2 48. Rdf1 Qxd7 49. Rxe5 fxe5 50. Qg5+ Kh8 51. Qh6+ Qh7 52. Qf6+ Qg7 53. Qh4+ Qh7 54. Qf6+ Qg7 55. Qh4+ Qh7 56. Qf6+ 1/2-1/2


[Site "https://www.chess.com"]

[Event "Titled Tuesday Blitz May 2 Early 2023"]
[White "Khromkin, Andrey"]
[Black "Berezin, Viktor"]
[WhiteFideId "4154126"]
[BlackFideId "14107872"]
[WhiteElo "2191"]
[BlackElo "2310"]
[Result "1-0"]
[Round "06"]
[TimeControl "180+2"]
[Date "2023.05.02"]
[WhiteClock "0:00:46"]
[BlackClock "0:00:44"]

1. d4 Nf6 2. c4 g6 3. Nf3 Bg7 4. Nc3 O-O 5. g3 d6 6. Bg2 Nc6 7. O-O a6 8. h3 Rb8 9. e4 e5 10. Be3 b5 11. cxb5 axb5 12. dxe5 Nxe5 13. Nxe5 dxe5 14. Qc2 c6 15. Rfd1 Qc7 16. Nd5 Qb7 17. Qxc6 Nxd5 18. exd5 f5 19. d6 e4 20. Qxb7 Rxb7 21. f3 Bxb2 22. Rab1 Be5 23. fxe4 Rd7 24. Rxb5 Rxd6 25. Rxd6 Bxd6 26. e5 Re8 27. exd6 Rxe3 28. Rb8 Re8 29. Bb7 Bd7 30. Rxe8+ Bxe8 31. Bc8 1-0


[Site "https://www.chess.com"]

[Event "Titled Tuesday Blitz May 2 Early 2023"]
[White "Spitzl, Vinzent"]
[Black "Todorovic, Bojan"]
[WhiteFideId "12901253"]
[BlackFideId "917087"]
[WhiteElo "2225"]
[BlackElo "2266"]
[Result "1-0"]
[Round "06"]
[TimeControl "180+2"]
[Date "2023.05.02"]
[WhiteClock "0:00:48"]
[BlackClock "0:00:10"]

1. e4 g6 2. d4 Bg7 3. Nc3 d6 4. Be3 a6 5. a4 Nc6 6. Nge2 e5 7. h3 Nf6 8. g4 O-O 9. Bg2 exd4 10. Nxd4 Ne5 11. b3 Re8 12. O-O h5 13. g5 Nfd7 14. Qd2 Nc5 15. f4 Nc6 16. Rad1 Bd7 17. f5 Nxd4 18. Bxd4 Bxd4+ 19. Qxd4 Qxg5 20. Nd5 Nxe4 21. Rde1 c6 22. Nb6 Bxf5 23. Nxa8 Bxh3 24. Re2 c5 25. Qe3 Bxg2 26. Qxg5 Nxg5 27. Rxe8+ 1-0


[Site "https://www.chess.com"]

[Event "Titled Tuesday Blitz May 2 Early 2023"]
[White "Ng, Gary"]
[Black "Leenhouts, Koen"]
[WhiteFideId "2604914"]
[BlackFideId "1008439"]
[WhiteElo "2213"]
[BlackElo "2409"]
[Result "1-0"]
[Round "06"]
[TimeControl "180+2"]
[Date "2023.05.02"]
[WhiteClock "0:00:04"]
[BlackClock "0:00:03"]

1. d4 Nf6 2. Bf4 g6 3. Nc3 d5 4. e3 Bg7 5. h4 h6 6. Nf3 Bg4 7. Be2 Bxf3 8. Bxf3 c6 9. Qd2 Nbd7 10. O-O-O b5 11. Rhe1 Qa5 12. Kb1 b4 13. Ne2 Nb6 14. a3 Nc4 15. Qxb4 Qxb4 16. axb4 O-O 17. b3 Nd6 18. Kb2 Rfb8 19. c3 a5 20. bxa5 Rxa5 21. Ra1 Rab5 22. b4 c5 23. dxc5 Rxc5 24. Bxd6 exd6 25. Nd4 Ne4 26. Bxe4 dxe4 27. Ra7 Rd5 28. Kb3 Bxd4 29. exd4 Rf5 30. Re2 Rf4 31. g3 Rf3 32. Re7 Rc8 33. Re3 Rxf2 34. R7xe4 Kg7 35. Re7 Ra8 36. Rd7 Raa2 37. Rxd6 Rab2+ 38. Kc4 Rb1 39. b5 Ra1 40. b6 Rb2 41. Kc5 Ra5+ 42. Kc6 Ra4 43. Kc5 Ra5+ 44. Kc6 Ra4 45. d5 Rc4+ 46. Kd7 g5 47. Rc6 1-0


[Site "https://www.chess.com"]

[Event "Titled Tuesday Blitz May 2 Early 2023"]
[White "Budrewicz, Krzysztof"]
[Black "Goswami, Vedant"]
[WhiteFideId "1127950"]
[BlackFideId "5003725"]
[WhiteElo "2230"]
[BlackElo "2011"]
[Result "1/2-1/2"]
[Round "06"]
[TimeControl "180+2"]
[Date "2023.05.02"]
[WhiteClock "0:00:53"]
[BlackClock "0:00:02"]

1. d4 Nf6 2. c4 e6 3. Nf3 Bb4+ 4. Nbd2 d5 5. e3 O-O 6. a3 Be7 7. Bd3 b6 8. cxd5 exd5 9. O-O c5 10. b3 Ba6 11. Bxa6 Nxa6 12. Bb2 Nc7 13. Ne5 Bd6 14. Qf3 Re8 15. Rad1 cxd4 16. exd4 Ne6 17. Rfe1 Rc8 18. Qd3 Qc7 19. Rc1 Qb7 20. g3 Rxc1 21. Rxc1 Rc8 22. Rxc8+ Qxc8 23. Kg2 a6 24. a4 h6 25. Nf1 Ne4 26. Ne3 Qb7 27. f3 Nf6 28. Nf5 Bf8 29. h4 b5 30. axb5 Qxb5 31. Qxb5 axb5 32. Kf2 g6 33. Ne3 Bd6 34. Bc3 h5 35. Bb2 Kf8 36. Nd3 Ke7 37. Bc3 Kd7 38. Nc2 Kc6 39. Bb4 Bc7 40. Be7 Nd7 41. Ndb4+ Kb7 42. Nxd5 Bb8 43. Nc3 Ba7 44. Ke3 Ng7 45. g4 hxg4 46. fxg4 f5 47. Nxb5 fxg4 48. Kf4 Bb6 49. Kxg4 Nf5 50. b4 Nxe7 51. Nd6+ Kc6 52. Nc4 Bc7 53. N2e3 Kb5 54. Nd2 Kxb4 55. Ne4 Nc6 56. d5 Nce5+ 57. Kg5 Bb6 58. Ng2 Kc4 59. d6 Bc5 60. Ne1 Kd5 61. Nf6+ Kxd6 62. Nxd7 Kxd7 63. Ng2 Nf3+ 64. Kxg6 Nxh4+ 65. Nxh4 1/2-1/2


[Site "https://www.chess.com"]

[Event "Titled Tuesday Blitz May 2 Early 2023"]
[White "Singh, Arvinder Preet"]
[Black "Veiga, Jose Francisco R P Neves"]
[WhiteFideId "5013240"]
[BlackFideId "1930087"]
[WhiteElo "2124"]
[BlackElo "2320"]
[Result "1-0"]
[Round "06"]
[TimeControl "180+2"]
[Date "2023.05.02"]
[WhiteClock "0:01:20"]
[BlackClock "0:00:46"]

1. e4 c6 2. d4 g6 3. Nc3 Bg7 4. Be3 d5 5. f3 dxe4 6. fxe4 Nf6 7. Nf3 O-O 8. Qd2 Ng4 9. O-O-O Nd7 10. e5 Nb6 11. Kb1 Be6 12. Bf4 f6 13. h3 fxe5 14. hxg4 exf4 15. Ng5 Bxg4 16. Rxh7 e5 17. Nce4 Qxd4 18. Bd3 Nc4 19. Bxc4+ Qxc4 20. Rdh1 Rad8 21. Rxg7+ Kxg7 22. Rh7+ Kg8 23. Nf6+ Rxf6 24. Qxd8+ Rf8 25. Rh8+ Kxh8 26. Qxf8+ Qg8 27. Qh6+ 1-0


[Site "https://www.chess.com"]

[Event "Titled Tuesday Blitz May 2 Early 2023"]
[White "Souleidis, Georgios"]
[Black "Garv Gaur"]
[WhiteFideId "4206827"]
[BlackFideId "45030839"]
[WhiteElo "2401"]
[BlackElo "2068"]
[Result "1/2-1/2"]
[Round "06"]
[TimeControl "180+2"]
[Date "2023.05.02"]
[WhiteClock "0:00:09"]
[BlackClock "0:00:07"]

1. e4 g6 2. d4 Bg7 3. Nf3 c6 4. Nc3 d5 5. h3 dxe4 6. Nxe4 Nf6 7. Nxf6+ exf6 8. Bd3 O-O 9. O-O Re8 10. c4 Nd7 11. b3 Nf8 12. Bb2 a5 13. a4 Ne6 14. Qd2 f5 15. Bc2 c5 16. Rad1 cxd4 17. Nxd4 Nc5 18. Bc3 Qb6 19. Nb5 Bxc3 20. Qxc3 Bd7 21. Rd6 Bc6 22. Rfd1 Rad8 23. Qf6 Ne6 24. h4 h5 25. c5 Qxc5 26. Rxd8 Nxd8 27. Rxd8 Qxc2 28. Rxe8+ Bxe8 29. Nd6 Qc1+ 30. Kh2 Qf4+ 31. Kh1 Qc1+ 32. Kh2 Qf4+ 33. Kh1 Qc1+ 34. Kh2 1/2-1/2


[Site "https://www.chess.com"]

[Event "Titled Tuesday Blitz May 2 Early 2023"]
[White "Ibadov, Dashgyn"]
[Black "Kim, Sergey"]
[WhiteFideId "24107514"]
[BlackFideId "13700570"]
[WhiteElo "2208"]
[BlackElo "2295"]
[Result "1-0"]
[Round "06"]
[TimeControl "180+2"]
[Date "2023.05.02"]
[WhiteClock "0:00:04"]
[BlackClock "0:00:02"]

1. d4 Nf6 2. Nf3 g6 3. Bf4 d6 4. Nc3 c6 5. e4 b5 6. Bd3 b4 7. Ne2 Bg7 8. Qd2 a5 9. Bh6 Bxh6 10. Qxh6 Bg4 11. e5 Bxf3 12. gxf3 Nd5 13. Qg7 Rf8 14. Qxh7 Qc8 15. O-O-O Qe6 16. exd6 Qxd6 17. Qh4 Nd7 18. Qg3 O-O-O 19. h4 Rh8 20. Rde1 N7f6 21. Qxd6 exd6 22. Ng3 Kd7 23. Kd2 Nf4 24. Ne4 N6d5 25. Reg1 Rh5 26. c4 bxc3+ 27. bxc3 Nxd3 28. Kxd3 f5 29. Nd2 Rdh8 30. Kc2 Ne7 31. Rb1 Rxh4 32. Rxh4 Rxh4 33. Rb7+ Ke6 34. Ra7 Rh2 35. Rxa5 Rxf2 36. Kd3 Nd5 37. Ra8 g5 38. a4 Nf4+ 39. Kc2 Kd7 40. a5 Kc7 41. Rg8 Rg2 42. Rg7+ Kb8 43. a6 Ne6 44. Re7 Nf4 45. Kd1 Nd5 46. Rf7 Nxc3+ 47. Kc2 Nd5 48. Kd1 f4 49. Nc4 Nb4 50. Na5 Nxa6 51. Nxc6+ Kc8 52. Na7+ Kd8 53. Nc6+ Ke8 54. Re7+ Kf8 55. Re6 Nc7 56. Rxd6 Nb5 57. Rf6+ Kg7 58. Rf5 Kg6 59. Rf8 Nc3+ 60. Ke1 Nd5 61. Ne5+ Kg7 62. Rf7+ Kg8 63. Rd7 Ne3 64. d5 Rg1+ 65. Ke2 Rd1 66. d6 Rd5 67. Rd8+ Kg7 68. d7 Nf5 69. Re8 Nd4+ 70. Kf2 Nf5 71. d8=Q Rxd8 72. Rxd8 Kf6 73. Ng4+ Ke7 74. Rd5 Ke6 75. Re5+ Kd6 76. Rxf5 1-0


[Site "https://www.chess.com"]

[Event "Titled Tuesday Blitz May 2 Early 2023"]
[White "Korelskiy, Egor"]
[Black "Dronavalli, Harika"]
[WhiteFideId "34329064"]
[BlackFideId "5015197"]
[WhiteElo "2186"]
[BlackElo "2432"]
[Result "0-1"]
[Round "06"]
[TimeControl "180+2"]
[Date "2023.05.02"]
[WhiteClock "0:00:04"]
[BlackClock "0:00:50"]

1. e4 Nc6 2. Nf3 d6 3. d4 g6 4. Nc3 Bg7 5. Be3 Nf6 6. d5 Ne5 7. h3 O-O 8. Nd4 c5 9. dxc6 Nxc6 10. Be2 Bd7 11. O-O a6 12. a3 Rc8 13. Qd2 b5 14. f3 Ne5 15. Rad1 Qc7 16. Nb3 Be6 17. Nd4 Bc4 18. Bg5 Qa7 19. Be3 Qb7 20. b3 Bxe2 21. Ncxe2 Rfd8 22. Nf4 Ned7 23. Nde2 Qc7 24. Rc1 Nc5 25. Rfd1 e6 26. h4 Qe7 27. Qe1 h5 28. Ng3 Qc7 29. Nge2 Ncd7 30. Qf2 Nc5 31. Nd3 Nfd7 32. Nxc5 Nxc5 33. Bd4 e5 34. Be3 Ne6 35. c4 Qe7 36. Nc3 bxc4 37. Nd5 Qf8 38. Rxc4 Rxc4 39. bxc4 Rc8 40. Qe2 Nc7 41. Nb6 Rd8 42. c5 dxc5 43. Rxd8 Qxd8 44. Bxc5 Qxh4 45. Bf2 Qd8 46. Qc4 Bh6 47. Qc6 Qd1+ 48. Kh2 Bf4+ 49. g3 Qe2 50. Kg2 Be3 51. Qxc7 Qxf2+ 52. Kh3 Qf1+ 53. Kh2 Qg1+ 54. Kh3 Qh1# 0-1


[Site "https://www.chess.com"]

[Event "Titled Tuesday Blitz May 2 Early 2023"]
[White "Wadsworth, Matthew J"]
[Black "Khamdamova, Afruza"]
[WhiteFideId "415804"]
[BlackFideId "14210444"]
[WhiteElo "2330"]
[BlackElo "2210"]
[Result "1-0"]
[Round "06"]
[TimeControl "180+2"]
[Date "2023.05.02"]
[WhiteClock "0:00:20"]
[BlackClock "0:00:01"]

1. d4 Nf6 2. Bf4 d5 3. e3 c5 4. c3 Nc6 5. Nd2 Bf5 6. Ngf3 e6 7. Nh4 Bg6 8. Be2 cxd4 9. exd4 Bd6 10. Bg3 O-O 11. Nxg6 hxg6 12. Nf3 Ne4 13. Bd3 Qc7 14. Qe2 Nf6 15. O-O Bxg3 16. hxg3 Rfe8 17. Rfe1 a6 18. a4 Na5 19. Ne5 Nd7 20. Nxf7 Kxf7 21. Qf3+ Nf6 22. g4 g5 23. Re5 Nc6 24. Rxg5 Rf8 25. Re1 Qd6 26. Bg6+ Kg8 27. Qh3 Ne7 28. Bd3 Kf7 29. Rge5 Rh8 30. Qf3 Nc6 31. g5 Nxe5 32. dxe5 Qc7 33. gxf6 g6 34. Bxg6+ Kf8 35. Qg4 Qc4 36. Qxe6 Qc7 37. Rd1 Rd8 38. Rxd5 Rxd5 39. Qxd5 Rh6 40. Bf5 Rh5 41. g4 Rh3 42. Kg2 Rh4 43. Kg3 1-0


[Site "https://www.chess.com"]

[Event "Titled Tuesday Blitz May 2 Early 2023"]
[White "Shukhman, Anna"]
[Black "Nikologorskiy, Konstantin"]
[WhiteFideId "54180058"]
[BlackFideId "24111708"]
[WhiteElo "2125"]
[BlackElo "2293"]
[Result "1-0"]
[Round "06"]
[TimeControl "180+2"]
[Date "2023.05.02"]
[WhiteClock "0:01:29"]
[BlackClock "0:00:01"]

1. e4 c5 2. Nf3 d6 3. d4 cxd4 4. Nxd4 Nf6 5. Nc3 a6 6. Qd3 g6 7. Bg5 Bg7 8. O-O-O O-O 9. h4 Nbd7 10. f4 Nc5 11. Qe3 Ng4 12. Qg3 h6 13. Be2 h5 14. f5 Be5 15. Bf4 Bxf4+ 16. Qxf4 e5 17. fxe6 fxe6 18. Qg3 e5 19. Bc4+ Kg7 20. Nf3 b5 21. Bd5 Ra7 22. a3 Rc7 23. Rd2 Be6 24. Ng5 Bxd5 25. Nxd5 Rc6 26. Re1 Qb8 27. b4 Na4 28. Ne6+ Kh7 29. Nxf8+ Qxf8 30. Qf3 Qe8 31. Qxg4 hxg4 32. Nf6+ Kg7 33. Nxe8+ 1-0


[Site "https://www.chess.com"]